 Dungeon Crawl Stone Soup version 0.30-a0-172-gc5509c9e31 (webtiles) character file.

Game seed: 9773815980162035050

80 LnG the Caller (level 4, -5/24 HPs)
             Began as a Kobold Summoner on Oct 1, 2022.
             Slain by a gnoll
             ... wielding a +0 war axe
              (11 damage)
             ... on level 2 of the Dungeon.
             The game lasted 00:03:42 (2011 turns).

LnG the Caller (Kobold Summoner)                    Turns: 2011, Time: 00:03:43

Health: -5/24      AC:  2    Str:  5    XL:     4   Next: 65%
Magic:  5/8        EV: 12    Int: 18    God:
Gold:   75         SH:  0    Dex: 15    Spells: 3/9 levels left

rFire   . . .      SeeInvis .    j - +1 short sword (drain)
rCold   . . .      Faith    .    (no shield)
rNeg    . . .      Spirit   .    a - +0 robe
rPois   .          Reflect  .    (no helmet)
rElec   .          Harm     .    (no cloak)
rCorr   .          Rampage  .    (no gloves)
Will    .....                    (no boots)
Stlth   +++.......               (no amulet)
HPRegen 0.24/turn                (no ring)
MPRegen 0.11/turn                (no ring)

@: constricted
A: small, no large weapons, nightstalker 3
a: no special abilities


You were on level 2 of the Dungeon.
You visited 1 branch of the dungeon, and saw 2 of its levels.

You collected 75 gold pieces.

Inventory:

Hand Weapons
 j - a +1 short sword of draining (weapon)
Armour
 a - a +0 robe (worn)
Scrolls
 f - 2 scrolls of torment {unknown}
 h - a scroll of magic mapping {unknown}
 i - 2 scrolls of identify {unknown}
 k - a scroll of amnesia {unknown}
Potions
 b - a potion of magic
 c - 2 potions of curing {unknown}
 d - 2 potions of flight {unknown}
 e - a potion of attraction {unknown}
 g - a potion of resistance {unknown}


   Skills:
 + Level 0.4 Fighting
 + Level 1.1 Short Blades
 + Level 2.7 Dodging
 + Level 3.6 Stealth
 + Level 3.0 Spellcasting
 + Level 4.7 Summonings


You had 3 spell levels left.
You knew the following spells:

 Your Spells              Type           Power      Damage    Failure   Level
a - Summon Small Mammal   Summ           76%        N/A       2%          1
b - Call Imp              Summ           19%        N/A       3%          2
c - Call Canine Familiar  Summ           19%        N/A       7%          3

Your spell library contained the following spells:

 Spells                   Type           Power      Damage    Failure   Level
 Apportation              Tloc           4%         N/A       16%         1
 Summon Guardian Golem    Hex/Summ       11%        N/A       19%         3
 Ignite Poison            Fire/Tmut/Pois 2%         N/A       43%         3
 Summon Lightning Spire   Summ/Air       11%        N/A       52%         4
 Sticky Flame             Conj/Fire      2%         2d3       85%         4
 Alistair's Intoxication  Tmut/Pois      1%         N/A       99%         5
 Ignition                 Fire           1%         3d3       100%        8


Dungeon Overview and Level Annotations

Branches:
Dungeon (2/15)

Altars:


Innate Abilities, Weirdness & Mutations

You are small and have problems with some larger weapons.
You are completely attuned to the shadows.


Message History

The giant cockroach misses you.
You hit the giant cockroach.
You kill the giant cockroach!
No target in view!
No target in view!
You see here a giant cockroach corpse.
A gnoll is nearby!
A rat comes into view.
A ball python comes into view.
The ball python hisses angrily.
You hit the gnoll.
The gnoll is moderately wounded.
The gnoll hits you with a +0 war axe.
Casting: Call Canine Familiar (quite dangerous; 7% risk of failure)
Confirm with . or Enter, or press ? or * to list all spells.
The spell is quite dangerous to miscast (7% risk of failure)!
Continue anyway?
The ball python closely misses you. The ball python grabs you.
The ball python constricts you. The gnoll barely misses you.
You barely miss the gnoll.
The gnoll is moderately wounded.
The ball python closely misses you. The ball python constricts you.
The gnoll hits you with a +0 war axe!
Ouch! That really hurt!
The gnoll hits your hound with a +0 war axe.
Unknown command.
The ball python's grasp on you weakens, but your attempt to escape fails.
Your hound bites the gnoll.
The ball python barely misses you. The ball python constricts you.
The rat barely misses you. The gnoll misses you.
The gnoll hits your hound with a +0 war axe!
Unknown command.
You closely miss the gnoll.
The gnoll is severely wounded.
Your hound bites the gnoll but does no damage.
The ball python bites you but does no damage.
The ball python constricts you.
Your hound barely misses the gnoll.
The rat bites you.
* * * LOW HITPOINT WARNING * * *
The gnoll hits you with a +0 war axe!
You die...

###.... ###......
#. ........
##.###Sgr...
.......@h...
#.#.#.....#
#...†.##.##
###.####.# #.#
#.### #.# #...# #.#
###.#### ##.##
#......##
####...###.###.#.##


You could see a gnoll (ally target), a ball python, a rat and a friendly hound
(summoned).

Vanquished Creatures
  An adder (D:2)
  A gnoll (D:2)
  A worm (D:2)
  A dart slug (D:2)
  2 endoplasms
  2 giant cockroaches
  3 goblins (D:2)
  2 hobgoblins (D:2)
  A kobold (D:2)
  3 quokkas
  3 ball pythons
  3 bats
  3 frilled lizards
  2 rats (D:1)
28 creatures vanquished.

Vanquished Creatures (collateral kills)
  2 gnolls (D:2)
  An endoplasm (D:1)
  2 goblins (D:1)
  A hobgoblin (D:1)
  A ball python (D:1)
  2 kobolds (D:1)
9 creatures vanquished.

Grand Total: 37 creatures vanquished

Notes
Turn   | Place    | Note
-------+----------+-------------------------------------------
     0 | D:1      | LnG the Kobold Summoner began the quest for the Orb.
     0 | D:1      | Reached XP level 1. HP: 10/10 MP: 3/3
   153 | D:1      | Reached XP level 2. HP: 15/15 MP: 1/5
   157 | D:1      | Learned a level 2 spell: Call Imp
  1292 | D:2      | Reached XP level 3. HP: 14/19 MP: 6/6
  1296 | D:2      | Learned a level 3 spell: Call Canine Familiar
  1656 | D:2      | Reached XP level 4. HP: 24/24 MP: 4/8
  1859 | D:2      | Reached skill level 1 in Short Blades
  2011 | D:2      | Slain by a gnoll

Illustrated notes

Levels and vault maps discovered:
D:1:      amcnicky_arrival_single_pillar, layout_basic
D:2:      layout_loops_ring, minmay_pentomino_u4

Skill      XL: |  1  2  3  4 |
---------------+-------------+-----
Stealth        | 3 |  3.6
Spellcasting   | 3 |  3.0
Short Blades   | 1 |  1.1
Fighting       | |  0.4
Dodging        | |  2.7
Summonings     | |  4.7

Action                   |  1- 3 |  4- 6 || total
-------------------------+-------+-------++-------
Melee: Club              |    17 |       ||    17
       Short sword       |    39 |    26 ||    65
       Punch             |       |     1 ||     1
 Cast: Summon Small Mamm |     6 |       ||     6
       Call Imp          |     3 |       ||     3
       Call Canine Famil |     2 |     1 ||     3
 Stab: Sleeping          |     8 |     1 ||     9
Armor: Robe              |     7 |     4 ||    11
Dodge: Dodged            |    71 |    18 ||    89

Table legend: (Time is in decaauts)
 A = Elapsed time spent in this place.
 B = Non-inter-level travel time spent in this place.
 C = Inter-level travel time spent in this place.
 D = Time resting spent in this place.
 E = Time spent auto-exploring this place.
 F = Levels seen in this place.
 G = Mean time per level.
                   A        B        C        D        E       F      G
               +--------+--------+--------+--------+--------+-----+--------+
         Total |   2014 |   1985 |     29 |     60 |   1535 |   2 | 1007.0 |
       Dungeon |   2014 |   1985 |     29 |     60 |   1535 |   2 | 1007.0 |
               +--------+--------+--------+--------+--------+-----+--------+

Top non-repeatable levels by time:
     D:1: 1349 daAuts
     D:2: 665 daAuts
